 Dungeon Crawl Stone Soup version 0.14-a0-2632-gd2f732a (webtiles) character file.

188905 johnthesavage the Shatterer (level 17, -2/166 HPs)
             Began as a Minotaur Berserker on Feb 8, 2014.
             Was the Champion of Trog.
             Succumbed to a manticore's barbed spikes
             ... on Level 5 of the Shoals on Feb 15, 2014.
             The game lasted 05:46:22 (43068 turns).

johnthesavage the Shatterer (Minotaur Berserker)   Turns: 43068, Time: 05:46:23

HP  -2/166       AC 31     Str 23      XL: 17   Next: 85%
MP  17/17        EV 19     Int  4      God: Trog [******]
Gold 2151        SH  0     Dex 16      Spells:  0 memorised, 16 levels left

rFire  + . .     SeeInvis +     K - +4,+5 great mace (protect)
rCold  . . .     Clarity  +     G - +3 scale mail {rPois}
rNeg   . . .     Conserve .     (no shield)
rPois  +         rCorr    .     P - +1 hat {SInv}
rElec  .         rRot     .     t - +0 cloak
SustAb . .       Spirit   .     r - +2 pair of gloves
rMut   .         Warding  .     h - +1 pair of boots
Saprov . . .     Stasis   .     z - amulet of clarity
MR     +....                    b - +4 ring of protection
                                k - ring of protection from fire

@: very slightly contaminated, hasted, very quick, somewhat resistant to hostile
enchantments, extremely unstealthy
A: retaliatory headbutt, horns 2
a: Burn Spellbooks, Berserk, Trog's Hand, Brothers in Arms, Renounce Religion


You were on level 5 of the Shoals.
You worshipped Trog.
Trog was exalted by your worship.
You were hungry.

You visited 5 branches of the dungeon, and saw 37 of its levels.
You also visited: Labyrinth.

You collected 3344 gold pieces.
You spent 1193 gold pieces at shops.

Inventory:

Hand weapons
 m - a +0,+2 anti-magic great mace
 E - a +0,+4 anti-magic great mace
 K - a +4,+5 great mace of protection (weapon)
 Q - a +0 blowgun
Missiles
 d - 12 curare-tipped needles (quivered)
 A - 7 needles of sleeping
Armour
 h - a +1 pair of boots (worn)
 r - a +2 pair of gloves (worn)
 t - a +0 cloak (worn)
 G - a +3 scale mail of poison resistance (worn)
 P - a +1 hat of see invisible (worn)
Magical devices
 q - a wand of disintegration (12)
 x - a wand of slowing (0)
 L - a wand of cold (8)
 R - a wand of disintegration (19)
Comestibles
 u - 9 meat rations
Scrolls
 a - 5 scrolls of fear
 f - 5 scrolls of teleportation
 n - 16 scrolls of remove curse
 o - 4 scrolls of identify
 s - 5 scrolls of blinking
 y - 2 scrolls of magic mapping
 B - a scroll of recharging
 C - a scroll of enchant armour
 J - 3 scrolls of fog
Jewellery
 b - a +4 ring of protection (right hand)
 j - a cursed -2 ring of strength
 k - a ring of protection from fire (left hand)
 p - a +1 ring of evasion
 v - an uncursed amulet of the gourmand
 z - an amulet of clarity (around neck)
 F - the ring "Sinkimurr" {Hunger- Str+3 Dex+3}
   (You found it on level 5 of the Shoals)

   [ring of sustenance]

   It affects your strength (+3).
   It affects your dexterity (+3).
Potions
 c - 2 potions of magic
 e - 8 potions of curing
 g - a potion of might
 i - a potion of brilliance
 l - 2 potions of flight
 D - 4 potions of restore abilities
 I - 3 potions of invisibility
 U - 2 potions of speed


   Skills:
 + Level 18.9 Fighting
 + Level 21.8 Maces & Flails
 - Level 1.0 Throwing
 * Level 15.1 Armour
 + Level 16.3 Dodging
 + Level 0.2 Unarmed Combat
 - Level 4.2 Evocations


You had 16 spell levels left.
You didn't know any spells.

Dungeon Overview and Level Annotations

Branches:
Dungeon (16/16)            Temple (0/1) D:4             Orc (4/4) D:10
    Elf (0/3) Orc:3          Lair (8/8) D:10         Shoals (5/5) Lair:6
 Spider (4/5) Lair:6        Slime (0/6) Lair:6       Vaults (0/5) D:15
 Depths (0/6) D:16

Altars:
Ashenzari
Cheibriados
Elyvilon
Fedhas
Nemelex Xobeh
Sif Muna
Trog
Vehumet
The Shining One
Beogh
Jiyva

Shops:
D:14 ?   Orc:3 (   Orc:4 **!*!   Shoals:3 =

Annotations:
D:5 Pikel


Innate Abilities, Weirdness & Mutations

You reflexively headbutt those who attack you in melee.
You have a pair of horns on your head.


Message History

You resist.
You hit the merfolk aquamancer.
Your headbutt misses the merfolk aquamancer.
The merfolk aquamancer is severely wounded.
The merfolk aquamancer casts a spell at you.
The ball of steam hits you! You resist.
* * * LOW HITPOINT WARNING * * *
Read which item? (? for menu, Esc to quit)
Blink to where?
Press: ? - help, Dir - move target cursor
As you read the scroll of blinking, it crumbles to dust.
A wind drake comes into view.
The mermaid chants a haunting song.
You resist.
* * * LOW HITPOINT WARNING * * *
The mermaid chants a haunting song.
You resist.
* * * LOW HITPOINT WARNING * * *
* * * LOW HITPOINT WARNING * * *
You die...

..≈≈≈.....§.....##
...≈≈..m........≈≈###
..≈≈..≈.≈≈≈≈≈≈m......≈...
.....≈.≈≈≈l≈≈≈≈≈≈...........
....≈≈≈≈≈≈≈≈≈≈≈≈≈≈.≈≈........
...≈≈≈≈≈≈≈≈≈≈...≈≈≈≈≈≈..≈.....
#..≈≈≈≈≈≈≈≈≈...≈≈≈≈≈≈≈≈≈≈P≈)≈
#...≈≈≈≈≈≈≈≈...#####≈≈≈≈≈≈)P≈
#...≈≈≈≈≈≈≈≈@.##...##≈≈≈≈)))≈
#....≈≈≈≈≈≈≈..#)....#≈≈PP≈≈P≈
#....<≈≈≈≈≈≈..)≈....#≈≈≈≈..PP
#.....≈≈≈≈≈≈≈≈≈#≈≈≈..#≈≈P≈..P≈
.<.....≈≈≈≈≈≈≈≈≈##≈≈≈##≈≈≈≈≈..≈
......≈≈≈≈≈≈≈≈≈≈≈#####≈≈PP.≈≈..
..≈≈≈≈≈≈≈≈≈≈≈≈≈≈≈.P


≈P≈≈PPPP. ≈≈.≈≈≈≈≈≈≈≈≈≈P≈≈≈≈ ≈ ≈≈P ..≈≈≈≈≈≈≈≈≈≈≈P≈≈≈P You could see a wind drake
and a mermaid.

Vanquished Creatures
  Arachne (Spider:2)
  Asterion (Spider:2)
  2 krakens
  Polyphemus (Shoals:4)
  Rupert (Lair:6)
  Kirke (Shoals:2)
  Aizul (Shoals:4)
  Gastronok (Lair:2)
  The ghost of Yermak the Bringer of Life, a powerful FeHe of Elyvilon (Spider:2)
  A merfolk javelineer (Shoals:4)
  Snorg (Spider:3)
  8 vault guards (D:15)
  A minotaur (Lab)
  5 merfolk impalers
  3 sirens (Shoals:1)
  2 merfolk aquamancers (Shoals:1)
  10 hydras
  The ghost of Herrn the Carver, a powerful DjFi (D:11)
  An alligator snapping turtle (Shoals:5)
  An ogre mage (D:15)
  The ghost of Gruud the Carver, a powerful DjFi of Okawaru (D:10)
  A satyr (Shoals:3)
  4 death yaks
  A very ugly thing (D:16)
  11 centaur warriors
  3 orc high priests (Orc:4)
  A catoblepas (Shoals:3)
  The ghost of TZer0 the Tainter, an experienced FoVM of Sif Muna (D:9)
  9 sea snakes
  14 skeletal warriors
  2 unseen horrors
  4 hill giants
  Joseph (D:9)
  5 orc knights
  3 water nymphs (Shoals:3)
  5 orc sorcerers
  21 wolf spiders
  4 griffons
  6 harpies
  A red wasp (Spider:2)
  4 octopodes
  3 cyclopes
  18 elephants
  5 drowned souls (Shoals:1)
  A moth of wrath (shapeshifter) (D:16)
  An eye of devastation (D:15)
  11 fauns
  13 spiny frogs
  2 spriggan druids (Lair:8)
  Psyche (Orc:1)
  2 black mambas
  A feature mimic (D:10)
  10 mermaids
  8 demonic crawlers
  24 merfolk
  3 fire drakes
  13 orb spiders
  9 trolls
  9 giant fireflies (Lair:8)
  A troll (shapeshifter) (D:13)
  14 spriggans
  4 wandering mushrooms (Lab)
  17 jumping spiders
  6 komodo dragons
  5 two-headed ogres
  A centaur skeleton (D:14)
  12 slime creatures
  2 boulder beetles
  18 blink frogs
  A hydra skeleton (D:16)
  5 snapping turtles
  3 basilisks
  A griffon zombie (D:14)
  17 trapdoor spiders
  23 sharks
  10 grizzly bears
  3 formicids
  27 redbacks
  A vampire (D:15)
  The ghost of Elizilla the Ruffian, an average TrMo of Trog (D:3)
  14 tarantellas
  8 water elementals
  A steam dragon (Lair:7)
  An elephant slug (Lair:4)
  41 yaks
  9 hippogriffs
  3 hogs (Shoals:2)
  22 ugly things
  Grum (D:9)
  14 manticores
  2 hungry ghosts
  23 wolves
  14 porcupines
  A naga (D:16)
  2 freezing wraiths (D:13)
  8 sky beasts
  22 orc warriors
  16 ogres
  A boring beetle (Lair:8)
  4 ice beasts
  4 slaves (D:5)
  A spiny worm simulacrum (D:15)
  4 black bears
  3 phantoms
  13 giant goldfish
  19 centaurs
  A yellow wasp (D:13)
  Duvessa (D:5)
  5 giant slugs
  3 wargs
  4 big kobolds
  8 water moccasins
  5 gnoll sergeants (D:10)
  8 agate snails
  4 crocodiles
  20 giant frogs
  A wyvern zombie (D:13)
  3 cyclops skeletons
  2 eyes of draining
  5 jellies
  17 killer bees
  A hippogriff skeleton (D:9)
  10 jellyfish
  19 wights
  14 electric eels
  22 hounds
  Dowan (D:5)
  A goliath beetle (D:9)
  11 crimson imps
  8 scorpions
  18 spiders
  3 big fish
  Crazy Yiuf (D:2)
  A centaur zombie (D:9)
  A water moccasin skeleton (D:10)
  A giant frog skeleton (D:5)
  26 orc priests
  5 gnoll shamans
  34 orc wizards
  16 worker ants
  6 iguanas
  25 sheep
  A mottled dragon zombie (D:15)
  3 ogre skeletons
  15 adders
  45 gnolls
  30 green rats
  6 giant centipedes
  A giant mite (D:7)
  12 white imps (Lair:4)
  6 worms
  An inept item mimic (D:5)
  2 scorpion zombies
  4 giant eyeballs
  An ooze (D:3)
  176 orcs
  A ball python (D:1)
  25 bats
  A bat skeleton (D:8)
  5 giant cockroaches
  24 goblins
  23 hobgoblins
  30 jackals
  12 quokkas
  9 giant geckos
  10 giant newts
  A giant newt skeleton (D:4)
  A giant spore (D:8)
  A goblin skeleton (D:4)
  2 hobgoblin zombies
  33 kobolds
  An orc skeleton (D:4)
  2 orc zombies (Orc:1)
  A quokka skeleton (D:5)
  13 rats
  A rat zombie (D:7)
  7 ballistomycetes
  A fungus (Lair:8)
  6 plants
  9 tentacles
1536 creatures vanquished.

Vanquished Creatures (others)
  9 drowned souls (Shoals:1)
  A jumping spider (Spider:4)
  2 trapdoor spiders (Spider:4)
  A human (Shoals:2)
  A wight (D:14)
  A spider (Spider:2)
  An orc (Orc:1)
  2 giant spores
  A fungus (Lair:5)
  5 plants
  25 tentacles
  369 tentacle segments
418 creatures vanquished.

Grand Total: 1954 creatures vanquished

Notes
Turn   | Place    | Note
--------------------------------------------------------------
     0 | D:1      | johnthesavage, the Minotaur Berserker, began the quest for the Orb.
     0 | D:1      | Reached XP level 1. HP: 19/19 MP: 1/1
    17 | D:1      | Upgraded the game from 0.14-a0-2474-g7d54a28 to 0.14-a0-2542-g51e44bb
   224 | D:1      | Reached skill level 4 in Maces & Flails
   224 | D:1      | Reached XP level 2. HP: 27/27 MP: 1/1
   353 | D:1      | Found a sparkling altar of Nemelex Xobeh.
   781 | D:2      | Acquired Trog's second power
   898 | D:2      | Reached XP level 3. HP: 31/33 MP: 2/2
  1255 | D:2      | Noticed Crazy Yiuf
  1263 | D:2      | Killed Crazy Yiuf
  1263 | D:2      | Reached skill level 5 in Maces & Flails
  1263 | D:2      | Reached XP level 4. HP: 40/40 MP: 2/2
  1553 | D:3      | Found a glowing golden altar of the Shining One.
  1601 | D:3      | Noticed a giant frog
  1614 | D:3      | Killed a giant frog
  1614 | D:3      | Reached XP level 5. HP: 29/47 MP: 2/2
  1680 | D:3      | Noticed Elizilla's ghost (average TrMo)
  1709 | D:3      | Killed Elizilla's ghost
  1709 | D:3      | Reached skill level 6 in Maces & Flails
  1709 | D:3      | Reached XP level 6. HP: 49/53 MP: 3/3
  1796 | D:3      | Noticed a centaur
  1803 | D:3      | Killed a centaur
  1933 | D:3      | Reached skill level 7 in Maces & Flails
  2341 | D:4      | Reached XP level 7. HP: 60/60 MP: 3/3
  2413 | D:4      | Found a staircase to the Ecumenical Temple.
  2680 | D:4      | Acquired Trog's third power
  2956 | D:4      | Reached skill level 5 in Armour
  3301 | D:5      | Entered Level 5 of the Dungeon
  3319 | D:5      | Reached skill level 5 in Fighting
  3319 | D:5      | Reached skill level 5 in Dodging
  3387 | D:5      | Found a white marble altar of Elyvilon.
  3420 | D:5      | Reached skill level 8 in Maces & Flails
  3693 | D:5      | Noticed Pikel
  3695 | D:5      | Reached XP level 8. HP: 56/68 MP: 3/3
  3721 | D:5      | Noticed Duvessa
  4010 | D:5      | Found a deep blue altar of Sif Muna.
  4013 | D:5      | Found a shattered altar of Ashenzari.
  4014 | D:5      | Found a radiant altar of Vehumet.
  4015 | D:5      | Paralysed by a giant eyeball for 3 turns
  4022 | D:5      | Paralysed by a giant eyeball for 4 turns
  4114 | D:5      | Reached skill level 9 in Maces & Flails
  4313 | D:5      | Killed Duvessa
  4365 | D:5      | Noticed Dowan
  4373 | D:5      | Killed Dowan
  5464 | D:7      | Reached skill level 10 in Maces & Flails
  5534 | D:7      | Reached skill level 1 in Throwing
  5839 | D:7      | Paralysed by a giant eyeball for 4 turns
  5846 | D:7      | Reached XP level 9. HP: 67/78 MP: 4/4
  6282 | D:8      | Noticed a hill giant
  6290 | D:8      | Killed a hill giant
  6290 | D:8      | Reached skill level 11 in Maces & Flails
  6341 | D:8      | Found a blossoming altar of Fedhas.
  6717 | D:8      | Received a gift from Trog
  6977 | D:9      | Noticed a centaur warrior
  6984 | D:9      | Killed a centaur warrior
  6984 | D:9      | Reached XP level 10. HP: 36/91 MP: 4/4
  7162 | D:9      | Noticed TZer0's ghost (experienced FoVM)
  7513 | D:9      | Noticed Grum
  7522 | D:9      | Killed Grum
  7541 | D:9      | Noticed Joseph
  7559 | D:9      | Killed Joseph
  7559 | D:9      | Reached skill level 12 in Maces & Flails
  8007 | D:9      | Killed TZer0's ghost
  8007 | D:9      | Reached skill level 10 in Fighting
  8192 | D:10     | Entered Level 10 of the Dungeon
  8448 | D:10     | Received a gift from Trog
  8655 | D:10     | Reached XP level 11. HP: 96/101 MP: 4/4
  8697 | D:10     | Found a staircase to the Orcish Mines.
  8713 | D:10     | Found a roughly hewn altar of Beogh.
  9002 | D:10     | Found a staircase to the Lair.
  9009 | D:10     | Reached skill level 13 in Maces & Flails
  9234 | D:10     | Noticed Gruud's ghost (powerful DjFi)
  9240 | D:10     | Killed Gruud's ghost
  9336 | D:10     | Reached skill level 10 in Dodging
  9574 | D:10     | Received a gift from Trog
  9715 | Lair:1   | Entered Level 1 of the Lair of Beasts
 11027 | Lair:2   | Reached skill level 14 in Maces & Flails
 11133 | Lair:2   | Reached XP level 12. HP: 107/113 MP: 5/5
 11262 | Lair:2   | Received a gift from Trog
 11285 | Lair:2   | Reached skill level 1 in Evocations
 11384 | Lair:2   | Noticed Gastronok
 11395 | Lair:2   | Killed Gastronok
 12040 | Lair:3   | Found a labyrinth entrance.
 12048 | Lab      | Entered a labyrinth
 12734 | Lab      | Noticed a minotaur
 12739 | Lab      | Killed a minotaur
 12804 | Lair:3   | Reached skill level 15 in Maces & Flails
 13734 | Lair:4   | Found a frozen archway.
 13772 | Lair:4   | Received a gift from Trog
 15193 | Lair:5   | Reached XP level 13. HP: 102/124 MP: 8/9
 15232 | Lair:5   | Noticed a five-headed hydra
 15249 | Lair:5   | Killed a five-headed hydra
 15543 | Lair:5   | Received a gift from Trog
 15648 | Lair:5   | Noticed a six-headed hydra
 15656 | Lair:5   | Killed a six-headed hydra
 15656 | Lair:5   | Reached skill level 16 in Maces & Flails
 16220 | Lair:6   | Found a staircase to the Shoals.
 16286 | Lair:6   | Found a staircase to the Slime Pits.
 16287 | Lair:6   | Found a viscous altar of Jiyva.
 16452 | Lair:6   | Noticed Rupert
 16454 | Lair:6   | Paralysed by Rupert for 2 turns
 16467 | Lair:6   | Killed Rupert
 16975 | Lair:6   | Found a hole to the Spider Nest.
 17046 | Lair:6   | Got a faintly glowing mace
 17047 | Lair:6   | Identified the +8,+6 mace of the Dragonfly {crush, rElec rC++} (You found it on level 6 of the Lair of Beasts)
 17399 | Lair:6   | Received a gift from Trog
 17812 | Lair:7   | Reached skill level 15 in Fighting
 18409 | Lair:7   | Received a gift from Trog
 18530 | Lair:7   | Reached skill level 17 in Maces & Flails
 19092 | Orc:1    | Entered Level 1 of the Orcish Mines
 19092 | Orc:1    | Found a radiant altar of Vehumet.
 19386 | Orc:2    | Received a gift from Trog
 19390 | Orc:2    | Reached XP level 14. HP: 115/135 MP: 14/14
 19745 | Orc:1    | Noticed Psyche
 19825 | Orc:1    | Killed Psyche
 19978 | Orc:1    | Found a roughly hewn altar of Beogh.
 20254 | Orc:3    | Found a staircase to the Elven Halls.
 20562 | Orc:3    | Received a gift from Trog
 20567 | Orc:3    | Found Ofrouwke's Weapon Emporium.
 20946 | D:11     | Noticed Herrn's ghost (powerful DjFi)
 20954 | D:11     | Killed Herrn's ghost
 22016 | D:12     | Found a snail-covered altar of Cheibriados.
 22257 | D:12     | Found a bloodstained altar of Trog.
 22467 | D:13     | Reached skill level 10 in Armour
 22501 | D:13     | Received a gift from Trog
 22510 | D:13     | Got a pitted morningstar {god gift}
 22526 | D:13     | Identified the -2,+1 morningstar of Flawed Execution {drain, Int+3} (Trog gifted it to you on level 13 of the Dungeon)
 23444 | D:13     | Reached skill level 18 in Maces & Flails
 25178 | Lair:8   | Entered Level 8 of the Lair of Beasts
 25202 | Lair:8   | Received a gift from Trog
 25914 | Lair:8   | Reached XP level 15. HP: 145/145 MP: 16/16
 25923 | Lair:8   | Received a gift from Trog
 26794 | Spider:1 | Entered Level 1 of the Spider Nest
 26890 | Spider:1 | Reached skill level 19 in Maces & Flails
 26981 | Spider:1 | Received a gift from Trog
 27892 | Spider:2 | Noticed Arachne
 27901 | Spider:2 | Killed Arachne
 27905 | Spider:2 | Noticed Yermak's ghost (powerful FeHe)
 28612 | Spider:2 | Killed Yermak's ghost
 28775 | Spider:2 | Noticed Asterion
 29326 | Spider:2 | Noticed a spectral weapon
 29332 | Spider:2 | Killed Asterion
 29508 | Spider:3 | Received a gift from Trog
 30133 | Spider:3 | Noticed Snorg
 30139 | Spider:3 | Killed Snorg
 31254 | Spider:4 | Reached XP level 16. HP: 123/155 MP: 17/17
 31758 | Spider:4 | Reached skill level 20 in Maces & Flails
 32269 | Orc:4    | Entered Level 4 of the Orcish Mines
 32284 | Orc:4    | Received a gift from Trog
 32345 | Orc:4    | Found Traagio's Distillery.
 32377 | Orc:4    | Bought a potion of curing for 32 gold pieces
 32377 | Orc:4    | Bought a potion of curing for 32 gold pieces
 32377 | Orc:4    | Bought 2 potions of heal wounds for 96 gold pieces
 32494 | Orc:4    | Found Ewnecyre's Assorted Antiques.
 32733 | Orc:4    | Found Gythroef's Assorted Antiques.
 32751 | Orc:4    | Found Fim Efaq's General Store.
 32751 | Orc:4    | Found Thrustief's Distillery.
 32772 | Orc:4    | Bought a potion of curing for 26 gold pieces
 32772 | Orc:4    | Bought a potion of curing for 26 gold pieces
 32772 | Orc:4    | Bought a potion of speed for 71 gold pieces
 32804 | Orc:4    | Bought a scroll of teleportation for 90 gold pieces
 32804 | Orc:4    | Bought a scroll of teleportation for 90 gold pieces
 32804 | Orc:4    | Bought a scroll of teleportation for 90 gold pieces
 33390 | Shoals:1 | Entered Level 1 of the Shoals
 34235 | Shoals:1 | HP: 5/235 [water elemental (13)]
 34236 | Shoals:1 | HP: 2/235 [drowned by a water elemental (3)]
 34662 | Lair:6   | Upgraded the game from 0.14-a0-2542-g51e44bb to 0.14-a0-2564-g94087c3
 34931 | D:14     | Found Skuenur's Magic Scroll Shop.
 34957 | D:14     | Bought a scroll of blinking for 82 gold pieces
 34957 | D:14     | Bought a scroll of teleportation for 45 gold pieces
 34957 | D:14     | Bought a scroll of teleportation for 45 gold pieces
 34983 | D:14     | Received a gift from Trog
 35003 | D:14     | Paralysed by a giant eyeball for 4 turns
 35014 | D:14     | Paralysed by a giant eyeball for 2 turns
 36154 | D:15     | Entered Level 15 of the Dungeon
 36174 | D:15     | Received a gift from Trog
 36578 | D:15     | Reached skill level 21 in Maces & Flails
 37008 | D:15     | Found a gate to the Vaults.
 37089 | D:16     | Entered Level 16 of the Dungeon
 37163 | D:16     | Reached skill level 15 in Dodging
 37343 | D:16     | Found a staircase to the Depths.
 37492 | D:16     | Received a gift from Trog
 37594 | D:16     | Reached XP level 17. HP: 161/166 MP: 17/17
 37707 | D:16     | Identified a scroll of acquirement
 39784 | Shoals:2 | Received a gift from Trog
 39818 | Shoals:2 | Noticed Kirke
 39830 | Shoals:2 | Killed Kirke
 40142 | Shoals:2 | Upgraded the game from 0.14-a0-2564-g94087c3 to 0.14-a0-2632-gd2f732a
 40950 | Shoals:3 | Found Ciaze's Jewellery Emporium.
 40962 | Shoals:3 | Bought a +4 ring of protection for 468 gold pieces
 41064 | Shoals:4 | Noticed Polyphemus
 41434 | Shoals:4 | Killed Polyphemus
 41675 | Shoals:4 | Noticed Aizul
 41694 | Shoals:4 | Killed Aizul
 42118 | Shoals:4 | Reached skill level 15 in Armour
 42528 | Shoals:5 | Entered Level 5 of the Shoals
 42579 | Shoals:5 | Got a transparent silver ring
 42580 | Shoals:5 | Identified the ring "Sinkimurr" {Hunger- Str+3 Dex+3} (You found it on level 5 of the Shoals)
 43051 | Shoals:5 | Received a gift from Trog
 43066 | Shoals:5 | HP: 6/166 [barbs]
 43068 | Shoals:5 | Succumbed to a manticore's barbed spikes

Action                   |  1- 3 |  4- 6 |  7- 9 | 10-12 | 13-15 | 16-18 || total
-------------------------+-------+-------+-------+-------+-------+-------++-------
Melee: Mace              |   103 |    84 |   457 |       |    35 |       ||   679
       Great mace        |       |       |     7 |   719 |  1566 |  1283 ||  3575
       Demon whip        |       |       |       |       |    29 |       ||    29
       Unarmed           |       |       |       |       |    11 |       ||    11
 Fire: Blowgun           |       |       |       |       |     2 |       ||     2
Throw: Javelin           |       |       |     6 |       |       |       ||     6
Invok: Berserk           |       |     2 |     6 |     9 |    12 |     8 ||    37
       Burn Spellbooks   |       |       |       |     2 |     3 |     1 ||     6
       Trog's Hand       |       |       |       |       |       |     2 ||     2
Evoke: Wand              |       |       |     4 |    13 |     5 |     7 ||    29
  Use: Scroll            |     7 |     1 |    18 |    10 |    14 |     9 ||    59
       Potion            |       |     1 |       |     3 |    15 |    13 ||    32
 Stab: Distracted        |       |       |       |     1 |     1 |       ||     2
       Invisible         |       |       |       |     4 |       |       ||     4
       Confused          |       |       |       |       |     1 |       ||     1
       Held in net/web   |       |       |       |       |     1 |       ||     1
